 Dungeon Crawl Stone Soup version 0.29-a0-25-g7f48f510a0 (webtiles) character file.

Game seed: 15088993678179539044

109 testman the Ruffian (level 4, -7/38 HPs)
             Began as a Draconian Transmuter on Jan 31, 2022.
             Was an Initiate of Wu Jian.
             Mangled by an ogre (10 damage)
             ... on level 4 of the Dungeon.
             The game lasted 00:09:42 (3350 turns).

testman the Ruffian (Draconian Transmuter)          Turns: 3350, Time: 00:09:43

Health: -7/38      AC:  5    Str: 13    XL:     4   Next: 60%
Magic:  6/7        EV: 11    Int: 15    God:    Wu Jian [......]
Gold:   149        SH:  3    Dex: 11    Spells: 4/7 levels left

rFire   . . .      SeeInvis .     - Unarmed
rCold   . . .      Faith    .   n - +0 buckler
rNeg    . . .      Spirit   .   (armour unavailable)
rPois   .          Reflect  .   (helmet currently unavailable)
rElec   .          Harm     .   (no cloak)
rCorr   .          Rampage  .   (no gloves)
Will    .....                   (boots currently unavailable)
Stlth   +.........              (no amulet)
HPRegen 0.12/turn               (no ring)
MPRegen 0.10/turn               (no ring)

@: appendages
A: horns 2, talons 2, AC +5, unfitting armour, cold-blooded
a: End Transformation, Renounce Religion


You were on level 4 of the Dungeon.
You worshipped Wu Jian.
Wu Jian was noncommittal.
You had temporarily grown beastly horns and talons.
You visited 1 branch of the dungeon, and saw 4 of its levels.

You collected 149 gold pieces.

Inventory:

Missiles
 a - 60 stones
 d - 8 boomerangs
Armour
 n - a +0 buckler (worn)
 o - a +0 pair of boots (melded)
Jewellery
 e - a ring of fire
Scrolls
 b - 2 scrolls of identify {unknown}
 f - a scroll of blinking {unknown}
 g - a scroll of enchant armour {unknown}
 i - a scroll of torment {unknown}
 k - 2 scrolls of noise {unknown}
 p - a scroll of teleportation {unknown}
Potions
 c - a potion of flight {unknown}
 h - 2 potions of magic {unknown}
 j - a potion of degeneration {unknown}
 l - 3 potions of brilliance {unknown}
 m - a potion of invisibility {unknown}
 q - a potion of heal wounds {unknown}
 r - 2 potions of curing {unknown}


   Skills:
 + Level 3.3 Fighting
 - Level 1.7 Dodging
 + Level 4.2 Unarmed Combat
 - Level 2.0 Spellcasting
 + Level 2.4 Transmutations


You had 4 spell levels left.
You knew the following spells:

 Your Spells              Type           Power      Damage    Failure   Level
a - Beastly Appendage     Tmut           16%        N/A       11%         1
b - Wereblood             Tmut           8%         N/A       17%         2

Your spell library contained the following spells:

 Spells                   Type           Power      Damage    Failure   Level
 Blink                    Tloc           2%         N/A       41%         2
 Spider Form              Tmut/Pois      5%         N/A       50%         3
 Ice Form                 Ice/Tmut       5%         N/A       88%         4
 Manifold Assault         Tloc           1%         N/A       100%        5
 Storm Form               Tmut/Air       2%         N/A       100%        7


Dungeon Overview and Level Annotations

Branches:
Dungeon (4/15)
 Temple: D:4-7

Altars:
Ashenzari
Dithmenos
Gozag
Trog
Wu Jian

Shops:
D:1 [   D:4 [


Innate Abilities, Weirdness & Mutations

You have temporarily grown beastly horns and talons.
Your plain brown scales are hard. (AC +5)
You cannot fit into any form of body armour.
You are cold-blooded and may be slowed by cold attacks.


Message History

Your horns disappear.
Your talons disappear.
Your +0 pair of boots unmelds from your body.
An ogre comes into view. It is wielding a +0 giant club.
The ogre shouts!
Casting: Beastly Appendage (safe; 11% risk of failure)
Press: ? - help, Q - select action, (/) - cycle Dir - look around, f - activate You grow a pair of large bovine horns.
Your feet morph into talons.
Your +0 pair of boots melds into your body.
You lunge at the ogre.
You barely miss the ogre. You claw the ogre!
The ogre is moderately wounded.
The ogre hits you with a +0 giant club!!
Ouch! That really hurt!
* * * LOW HITPOINT WARNING * * *
You barely miss the ogre. Your kick misses the ogre.
The ogre is moderately wounded.
The ogre barely misses you.
You hit the ogre. You claw the ogre. Your headbutt misses the ogre.
The ogre is heavily wounded.
A hound skeleton comes into view.
The ogre barely misses you.
Press: ? - help, v - describe, . - travel The floor, spattered with blood.
Okay, then.
You aren't carrying any items that you can evoke.
Okay, then.
Okay, then.
You closely miss the ogre.
The ogre is heavily wounded.
You closely miss the ogre.
Your tail-slap misses the ogre.
The ogre is heavily wounded.
The ogre hits you with a +0 giant club!
* * * LOW HITPOINT WARNING * * *
You completely miss the ogre. You headbutt the ogre.
You tail-slap the ogre, but do no damage.
The ogre is heavily wounded.
The ogre closely misses you.
You hit the ogre but do no damage. You claw the ogre.
The ogre is severely wounded.
The ogre hits you with a +0 giant club!
You die...

####### ##.....##
###### ##..##...#
.....# ##..##.#.##
.....# ##..##.#@##
.....####..##.#O##
..........##.#Z#
.........##.#.#
........##.#.#
#.#....##.#.# ####
#.#...## #.# #..#
..##.## .# #..#
.##### #..#


You could see an ogre and a hound skeleton.

Vanquished Creatures
  7 adders
  An adder skeleton (D:4)
  2 dart slugs
  3 orcs
  3 bats
  4 endoplasms
  A giant cockroach (D:2)
  2 goblins
  3 hobgoblins
  6 kobolds
  A ball python (D:1)
  A frilled lizard (D:3)
  6 rats
40 creatures vanquished.

Notes
Turn   | Place    | Note
-------+----------+-------------------------------------------
     0 | D:1      | testman the Draconian Transmuter began the quest for the
                  | Orb.
     0 | D:1      | Reached XP level 1. HP: 16/16 MP: 3/3
    83 | D:1      | Found a faded altar of an unknown god.
    83 | D:1      | Noticed a ynoxinul
   399 | D:1      | Found Iboseusi's Armour Emporium.
   428 | D:1      | Reached XP level 2. HP: 24/24 MP: 5/5
   431 | D:1      | Learned a level 2 spell: Wereblood
  1643 | D:2      | Reached XP level 3. HP: 19/30 MP: 4/6
  2096 | D:3      | Found a broken altar of Ashenzari.
  2097 | D:3      | Found a bloodstained altar of Trog.
  2097 | D:3      | Found an ornate altar of the Wu Jian Council.
  2105 | D:3      | Became a worshipper of the Wu Jian Council
  2164 | D:3      | Reached skill level 4 in Unarmed Combat
  2276 | D:3      | Reached XP level 4. HP: 38/38 MP: 5/7
  2891 | D:4      | Found a shadowy altar of Dithmenos.
  2965 | D:4      | Found an opulent altar of Gozag.
  3247 | D:4      | Found Aduin's Armour Boutique.
  3341 | D:4      | Noticed an ogre
  3350 | D:4      | Mangled by an ogre

Illustrated notes

Levels and vault maps discovered:
D:1:      roderic_dead_forest, layout_basic, serial_shops, shop,
          dreamdust_ecumenical_altar_sealed_demon,
          amcnicky_mini_corridor_feature
D:2:      layout_loops_cross
D:3:      layout_basic, chequers_temple_overflow_statue_of_worship,
          minmay_strange_pillars
D:4:      minmay_inner_zag, layout_rooms, grunt_gozag_statues,
          nicolae_dithmenos_shadow_blocks, serial_shops, kennysheep_little_box

Skill      XL: |  1  2  3 |
---------------+----------+-----
Fighting       | 2 3 |  3.3
Unarmed Combat | 4 |  4.2
Dodging        | |  1.7
Spellcasting   | |  2.0
Transmutations | |  2.4

Action                   |  1- 3 |  4- 6 || total
-------------------------+-------+-------++-------
Melee: Unarmed           |    94 |    50 ||   144
       Kick              |    10 |     8 ||    18
       Headbutt          |     7 |     5 ||    12
       Tailslap          |     6 |     3 ||     9
       Punch             |     2 |       ||     2
 Cast: Beastly Appendage |    16 |     8 ||    24
       Wereblood         |     1 |       ||     1
Invok: Lunge             |     3 |    11 ||    14
Armor: Skin              |    26 |    10 ||    36
Dodge: Dodged            |    54 |    18 ||    72
Block: Buckler           |     2 |     3 ||     5

Table legend: (Time is in decaauts)
 A = Elapsed time spent in this place.
 B = Non-inter-level travel time spent in this place.
 C = Inter-level travel time spent in this place.
 D = Time resting spent in this place.
 E = Time spent auto-exploring this place.
 F = Levels seen in this place.
 G = Mean time per level.
                   A        B        C        D        E       F      G
               +--------+--------+--------+--------+--------+-----+--------+
         Total |   3343 |   3288 |     55 |    234 |   2625 |   4 |  835.8 |
       Dungeon |   3343 |   3288 |     55 |    234 |   2625 |   4 |  835.8 |
               +--------+--------+--------+--------+--------+-----+--------+

Top non-repeatable levels by time:
     D:1: 993 daAuts
     D:2: 962 daAuts
     D:3: 872 daAuts
     D:4: 514 daAuts
